 Dungeon Crawl Stone Soup version 0.29.0-7-g18a832c13a (webtiles) character file.

Game seed: 15480971982096330608

928 Woods the Sneak (level 8, -5/46 HPs)
             Began as an Octopode Hedge Wizard on Aug 30, 2022.
             Was an Initiate of Sif Muna.
             Slain by Edmund
             ... wielding a +2 dire flail of protection
              (10 damage)
             ... on level 5 of the Dungeon.
             The game lasted 00:15:32 (6531 turns).

Woods the Sneak (Octopode Hedge Wizard)             Turns: 6531, Time: 00:15:33

Health: -5/46      AC:  1    Str:  9    XL:     8   Next: 11%
Magic:  32/34      EV: 14    Int: 17    God:    Sif Muna [......]
Gold:   174        SH:  0    Dex: 13    Spells: 7/18 levels left

rFire   . . .      SeeInvis .   a - +0 dagger
rCold   . . .      Faith    .   (no shield)
rNeg    . . .      Spirit   .   b - +0 hat
rPois   .          Reflect  .   x - amulet of magic regeneration
rElec   .          Harm     .   j - ring of magical power
rCorr   .          Rampage  .   p - ring of magical power
Will    +....                   y - ring of willpower
Stlth   ++++......              (no ring)
HPRegen 0.15/turn               (no ring)
MPRegen 0.64/turn               (no ring)
                                (no ring)
                                (no ring)

@: very slightly contaminated
A: almost no armour, amphibious, 8 rings, camouflage 1, gelatinous body 1,
(nimble swimmer 1), tentacles
a: Renounce Religion


You were on level 5 of the Dungeon.
You worshipped Sif Muna.
Sif Muna was noncommittal.
You visited 2 branches of the dungeon, and saw 6 of its levels.

You collected 244 gold pieces.
You spent 70 gold pieces at shops.

Inventory:

Hand Weapons
 a - a +0 dagger (weapon)
Armour
 b - a +0 hat (worn)
Jewellery
 j - a ring of magical power (left tentacle)
 p - a ring of magical power (right tentacle)
 x - an amulet of magic regeneration (around mantle)
 y - a ring of willpower (on tentacle)
Wands
 t - a wand of paralysis (4)
 u - a wand of roots (5)
Scrolls
 d - a scroll of identify
 e - a scroll of silence
 f - a scroll of brand weapon {unknown}
 g - 2 scrolls of fog
 i - a scroll of noise {unknown}
 o - a scroll of enchant weapon {unknown}
 r - a scroll of enchant armour {unknown}
 w - 3 scrolls of teleportation
 z - a scroll of magic mapping {unknown}
 A - 3 scrolls of blinking {unknown}
Potions
 c - 2 potions of magic
 h - 5 potions of curing
 k - a potion of ambrosia
 l - 2 potions of mutation
 m - a potion of attraction {unknown}
 n - a potion of lignification {unknown}
 q - a potion of brilliance {unknown}
 s - 2 potions of resistance
 v - a potion of heal wounds {unknown}


   Skills:
 + Level 4.3 Dodging
 + Level 6.0 Stealth
 * Level 5.9 Spellcasting
 + Level 3.7 Conjurations
 - Level 2.0 Summonings
 - Level 1.0 Translocations
 + Level 0.7 Air Magic


You had 7 spell levels left.
You knew the following spells:

 Your Spells              Type           Power      Damage    Failure   Level
a - Magic Dart            Conj           68%        1d6       2%          1
b - Blink                 Tloc           16%        N/A       13%         2
c - Call Imp              Summ           11%        N/A       9%          2
d - Mephitic Cloud        Conj/Pois/Air  10%        N/A       22%         3
e - Conjure Flame         Conj/Fire      11%        6-21      19%         3

Your spell library contained the following spells:

 Spells                   Type           Power      Damage    Failure   Level
 Slow                     Hex            20%        N/A       13%         1
 Summon Lightning Spire   Summ/Air       9%         N/A       58%         4
 Airstrike                Air            3%         2d(1-17)  67%         4
 Lightning Bolt           Conj/Air       6%         1d18      82%         5


Dungeon Overview and Level Annotations

Branches:
Dungeon (5/15)             Temple (1/1) D:4

Altars:
Cheibriados
Dithmenos
Elyvilon
Gozag
Kikubaaqudgha
Makhleb
Okawaru
Ru
Sif Muna
Trog
Uskayaw
Wu Jian
Xom
Yredelemnul
Zin

Shops:
D:4 ?

Annotations:
D:4 Grinder
D:5 Edmund


Innate Abilities, Weirdness & Mutations

You cannot wear most types of armour.
You are amphibious.
You can wear up to eight rings at the same time.
Your skin changes colour to match your surroundings (Stealth+).
Your rubbery body absorbs attacks. (AC +1, EV +1)
((You are camouflaged when in or above water. (Stealth+)))
You have tentacles for arms and can constrict up to eight enemies at once.


Message History

Press: ? - help, Q - select action, (/) - cycle Shift-Dir - straight line, f/p - Edmund
Aim: Edmund, wielding a +2 dire flail of protection, wearing a +0 ring mail and carrying a wand of polymorph (8) (heavily wounded, constricted by you, ally target, 100% to hit)
The magic dart hits Edmund.
Edmund is heavily wounded.
You constrict Edmund. Edmund closely misses you.
Your white imp hits Edmund but does no damage.
Aiming: Magic Dart (safe; 2% risk of failure)
Press: ? - help, Q - select action, (/) - cycle Shift-Dir - straight line, f/p - Edmund
Aim: Edmund, wielding a +2 dire flail of protection, wearing a +0 ring mail and carrying a wand of polymorph (8) (heavily wounded, constricted by you, ally target, 100% to hit)
The magic dart hits Edmund but does no damage.
Edmund is heavily wounded.
You constrict Edmund.
Edmund hits you with a +2 dire flail of protection!
Your white imp hits Edmund but does no damage.
Aiming: Magic Dart (safe; 2% risk of failure)
Press: ? - help, Q - select action, (/) - cycle Shift-Dir - straight line, f/p - Edmund
Aim: Edmund, wielding a +2 dire flail of protection, wearing a +0 ring mail and carrying a wand of polymorph (8) (heavily wounded, constricted by you, ally target, 100% to hit)
The magic dart hits Edmund but does no damage.
Edmund is heavily wounded.
You constrict Edmund.
Edmund hits you with a +2 dire flail of protection!
Your white imp barely misses Edmund.
Aiming: Magic Dart (safe; 2% risk of failure)
Press: ? - help, Q - select action, (/) - cycle Shift-Dir - straight line, f/p - Edmund
Aim: Edmund, wielding a +2 dire flail of protection, wearing a +0 ring mail and carrying a wand of polymorph (8) (heavily wounded, constricted by you, ally target, 100% to hit)
The magic dart hits Edmund but does no damage.
Edmund is heavily wounded.
You constrict Edmund, but do no damage.
Edmund hits you with a +2 dire flail of protection!!
* * * LOW HITPOINT WARNING * * *
Your white imp hits Edmund but does no damage.
You release your grip on Edmund.
Your white imp hits Edmund but does no damage.
Casting: Magic Dart (safe; 2% risk of failure)
Confirm with . or Enter, or press ? or * to list all spells.
You miscast Blink.
You are very lightly contaminated with residual magic.
Nothing appears to happen.
Edmund hits you with a +2 dire flail of protection!
You die...

.........#.<########
.................>..
######......#..)#.##
####........#.#.#
..#..#.....#.#.#
####.#..##....#.#.# #
#....#........#.#.#
#.#.##....#.....#.#.#
#....@.#..#.......#.#
##.#####@#.#<.......###.#
.......5.###............#
###...............#####.##
.........###.#............
####.####.......#######.##
... +................. #.#
#...###########.## ...
#...# #.#


You could see Edmund (ally target) and a friendly white imp (summoned).

Vanquished Creatures
  Sigmund (D:2)
  A phantom (D:4)
  A necrophage (D:5)
  4 wights (D:4)
  Crazy Yiuf (D:4)
  2 hounds (D:4)
  An orc priest (D:4)
  An iguana (D:5)
  An orc wizard (D:4)
  3 adders
  An ufetubus (D:5)
  2 worms
  4 dart slugs
  7 orcs
  4 endoplasms
  2 giant cockroaches
  8 goblins
  7 hobgoblins
  6 jackals
  3 quokkas
  12 ball pythons
  2 bats (D:3)
  3 frilled lizards (D:2)
  4 kobolds
  9 rats
90 creatures vanquished.

Vanquished Creatures (collateral kills)
  A wight (D:4)
  A hound (D:5)
  Ijyb (D:4)
  An adder (D:4)
  A worm (D:2)
  A goblin (D:2)
6 creatures vanquished.

Grand Total: 96 creatures vanquished

Notes
Turn   | Place    | Note
-------+----------+-------------------------------------------
     0 | D:1      | Woods the Octopode Hedge Wizard began the quest for the
                  | Orb.
     0 | D:1      | Reached XP level 1. HP: 11/11 MP: 4/4
   284 | D:1      | Reached XP level 2. HP: 16/17 MP: 3/6
   323 | D:1      | Reached skill level 3 in Stealth
   753 | D:1      | Found a faded altar of an unknown god.
  1047 | D:1      | Reached XP level 3. HP: 21/21 MP: 4/7
  1616 | D:2      | Learned a level 2 spell: Blink
  1619 | D:2      | Learned a level 2 spell: Call Imp
  2088 | D:2      | Reached XP level 4. HP: 27/27 MP: 9/9
  2092 | D:2      | Learned a level 3 spell: Mephitic Cloud
  2192 | D:2      | Noticed Sigmund
  2341 | D:2      | Killed Sigmund
  2342 | D:2      | Reached skill level 4 in Stealth
  2342 | D:2      | Reached XP level 5. HP: 31/31 MP: 11/11
  2342 | D:2      | Reached XP level 6. HP: 36/36 MP: 12/12
  3083 | D:3      | Found a bloodstained altar of Trog.
  3678 | D:3      | Found a burning altar of Makhleb.
  3760 | D:4      | Noticed Ijyb
  3771 | D:4      | Paralysed by Ijyb for 5 turns
  3779 | D:4      | Killed Ijyb
  4109 | D:4      | Found a runed translucent door.
  4110 | D:4      | Noticed Crazy Yiuf
  4120 | D:4      | Killed Crazy Yiuf
  4258 | D:4      | Noticed Grinder
  4350 | D:4      | Found a shadowy altar of Dithmenos.
  4380 | D:4      | Reached skill level 5 in Stealth
  4380 | D:4      | Reached skill level 5 in Spellcasting
  4380 | D:4      | Reached XP level 7. HP: 37/41 MP: 14/14
  4722 | D:4      | HP: 1/41 [phantom (6)]
  4752 | D:5      | Entered Level 5 of the Dungeon
  5692 | D:4      | Found Suur Fyj's Magic Scroll Shop.
  5702 | D:4      | Bought a scroll of identify for 20 gold pieces
  5702 | D:4      | Bought a scroll of teleportation for 30 gold pieces
  5702 | D:4      | Bought a scroll of identify for 20 gold pieces
  5715 | D:4      | Found a staircase to the Ecumenical Temple.
  5724 | Temple   | Entered the Ecumenical Temple
  5791 | Temple   | Became a worshipper of Sif Muna the Loreminder
  6241 | D:4      | Learned a level 3 spell: Conjure Flame
  6273 | D:4      | Reached XP level 8. HP: 45/46 MP: 16/16
  6302 | D:4      | Reached skill level 6 in Stealth
  6514 | D:5      | Noticed Edmund
  6531 | D:5      | Slain by Edmund

Illustrated notes

Levels and vault maps discovered:
D:1:      minmay_arrival_glassed_features, layout_basic,
          shapermc_ecumenical_altar_mp_highgroup
D:2:      layout_basic, uniq_sigmund
D:3:      layout_basic, nicolae_overflow_hidden_temple,
          mainiacjoe_overflow_cross_hatched
D:4:      nicolae_cairo_tiling, layout_basic, nicolae_dithmenos_the_darkroom,
          serial_shops, nicolae_shop_trees, uniq_crazy_yiuf_cottage, uniq_ijyb,
          uniq_grinder
D:5:      layout_basic, tgw_fedhas, nicolae_ossuary_entry_catacombs, uniq_edmund
Temple:   nicolae_temple_x_marks_the_god

Skill      XL: |  1  2  3  4  5  6  7  8 |
---------------+-------------------------+-----
Stealth        | 3 4 5 6 |  6.0
Dodging        | 3 4 |  4.3
Spellcasting   | 4 5 |  5.9
Conjurations   | 2 3 |  3.7
Summonings     | 2 |  2.0
Translocations | |  1.0
Air Magic      | |  0.7

Action                   |  1- 3 |  4- 6 |  7- 9 || total
-------------------------+-------+-------+-------++-------
Melee: Dagger            |    59 |    73 |    98 ||   230
       Tentacles         |    15 |    21 |    24 ||    60
       Constrict         |    17 |    17 |    18 ||    52
       Punch             |       |     2 |     2 ||     4
 Cast: Magic Dart        |    50 |    37 |    56 ||   143
       Call Imp          |     3 |    11 |    12 ||    26
       Blink             |     1 |     1 |     4 ||     6
       Conjure Flame     |       |       |     1 ||     1
  Use: Scroll            |       |     2 |     3 ||     5
 Stab: Sleeping          |     1 |     3 |       ||     4
Armor: Skin              |     2 |     7 |     3 ||    12
Dodge: Dodged            |    35 |    50 |    80 ||   165
